 Dungeon Crawl Stone Soup version 0.27.1-4-g1640c2035a (webtiles) character file.

Game seed: 16475541038468739888

11646 infcreate the Blocker (level 11, -10/73 HPs)
             Began as a Gargoyle Fighter on Nov 3, 2021.
             Was a High Priest of Okawaru.
             Mangled by a boulder beetle (21 damage)
             ... on level 11 of the Dungeon.
             The game lasted 00:30:10 (13621 turns).

infcreate the Blocker (Gargoyle Fighter)           Turns: 13621, Time: 00:30:10

Health: -10/73     AC: 25    Str: 22    XL:     11   Next: 81%
Magic:  11/12      EV: 15    Int: 16    God:    Okawaru [*****.]
Gold:   160        SH: 17    Dex:  9    Spells: 10/10 levels left

rFire    . . .     SeeInvis .   l - +2 morningstar
rCold    . . .     Faith    .   J - +3 kite shield {reflect}
rNeg     + . .     Spirit   .   k - +4 scale mail
rPois    ∞         Reflect  +   q - +0 helmet
rElec    +         Harm     .   C - scarf {repulsion}
rCorr    .         Rampage  .   (no gloves)
Will     .....                  p - +0 pair of boots
Stlth    +.........             (no amulet)
HPRegen  0.22/turn              E - +4 ring of evasion
MPRegen  0.13/turn              I - +6 ring of intelligence

@: heroic, repel missiles
A: sickness immunity, AC +8, negative energy resistance 1, electricity
resistance, torment resistance 1, petrification resistance
a: Renounce Religion, Heroism, Finesse


You were on level 11 of the Dungeon.
You worshipped Okawaru.
Okawaru was extremely pleased with you.
You visited 3 branches of the dungeon, and saw 13 of its levels.
You also visited: Ossuary.

You collected 447 gold pieces.
You spent 287 gold pieces at shops.


Innate Abilities, Weirdness & Mutations

You are immune to sickness and miasma.
Your stone body is resilient. (AC +8)
You are immune to poison.
You resist negative energy. (rN+)
You are resistant to electric shocks. (rElec)
You are resistant to unholy torment.
You are immune to petrification.


   Skills:
 + Level 10.5(15.5) Fighting
 + Level 9.4(14.4) Maces & Flails
 + Level 10.5(15.5) Armour
 + Level 10.5(15.5) Shields
 + Level 2.5 Invocations


You had 10 spell levels left.
You didn't know any spells.
Your spell library contained the following spells:

 Spells                   Type           Power      Damage    Failure   Level
 Beastly Appendage        Tmut           0%         N/A       43%         1
 Summon Small Mammal      Summ           0%         N/A       43%         1
 Call Canine Familiar     Summ           0%         N/A       82%         3
 Spider Form              Tmut/Pois      0%         N/A       82%         3
 Summon Guardian Golem    Hex/Summ       0%         N/A       82%         3
 Fireball                 Conj/Fire      0%         3d3       100%        5
 Starburst                Conj/Fire      0%         6d3       100%        6
 Orb of Destruction       Conj           0%         N/A       100%        7
 Spellforged Servitor     Conj/Summ      0%         N/A       100%        7
 Ignition                 Fire           0%         3d3       100%        8

Inventory:

Hand Weapons
 l - a +2 morningstar (weapon)
Missiles
 H - a throwing net (quivered) {=f}
Armour
 d - +0 acid dragon scales
 k - a +4 scale mail (worn)
 p - a +0 pair of boots (worn)
 q - a +0 helmet (worn)
 C - a scarf of repulsion (worn)
 F - +0 steam dragon scales
 J - a +3 kite shield of reflection (worn)
Jewellery
 c - a ring of ice
 E - a +4 ring of evasion (left hand)
 I - a +6 ring of intelligence (right hand)
 L - a ring of flight
Wands
 a - a wand of flame (20)
 e - a wand of iceblast (17)
 u - a wand of digging (1)
 w - a wand of polymorph (7)
 P - a wand of acid (9)
Scrolls
 f - a scroll of holy word
 i - 8 scrolls of identify {@r1}
 j - 7 scrolls of teleportation {@r2}
 m - a scroll of fear {unknown}
 r - a scroll of vulnerability {unknown}
 t - 3 scrolls of immolation
 x - 2 scrolls of amnesia
 y - a scroll of torment {unknown}
 A - a scroll of brand weapon {unknown}
 G - a scroll of fog
 K - a scroll of noise {unknown}
Potions
 b - a potion of resistance {unknown}
 g - a potion of mutation {unknown}
 h - 2 potions of flight {unknown}
 n - 3 potions of haste {@q3}
 o - 2 potions of curing {@q1}
 s - 2 potions of lignification {unknown}
 v - a potion of cancellation {unknown}
 z - 3 potions of ambrosia {unknown}
 B - a potion of invisibility {unknown}
 D - 2 potions of heal wounds {unknown}
 M - 4 potions of degeneration {unknown}
 N - a potion of magic {unknown}
 O - a potion of attraction {unknown}

Dungeon Overview and Level Annotations

Branches:
Dungeon (11/15)            Temple (1/1) D:6            Lair (1/6) D:8
    Orc (0/2) D:10        Ossuary (visited)

Altars:
Ashenzari
Cheibriados
Dithmenos
Elyvilon
Fedhas
Gozag
Hepliaklqana
Kikubaaqudgha
Makhleb
Nemelex Xobeh
Okawaru
Qazlal
Ru
Sif Muna
Trog
Uskayaw
Vehumet
Wu Jian
Xom
Yredelemnul
Zin
The Shining One

Shops:
D:6 **   D:7 !

Annotations:
D:10 exclusion: 2 oklob saplings

*#.#*,***,**,***,*****
#.#*,***,***,,,** *
*******#.#*,,,,,,,,,*** *
*,,,,,,..#****#+##*** *
*,*#####.# *#...## *
*,*#.....# *#.....#* ****
*,*#.,*#<###.......******,**
*,##...#.##........,*,,,,,,,
*.........'@B......,+,≈≈≈≈≈,
*........##........,,,≈,,,≈,
*#.....#####.......*,,≈>∩,≈,
#.....* *#.....#**,≈,,,≈,
#.....* *#...## *,≈≈≈≈≈,
###.#** *#+## *,,,,,,,
#.**********,* **,*,*,,
*,*,,,,,,>**,* *,,,,,*
*,*,*****,**,** ****,**


You could see a boulder beetle.


Message History

You kill the wyvern!
Okawaru accepts your kill. You block the boulder beetle's attack.
The boulder beetle stops rolling and uncurls.
Use which ability? (? or * to list)
You gain the combat prowess of a mighty hero.
You block the boulder beetle's attack.
You puncture the boulder beetle!
The boulder beetle is lightly wounded.
You bludgeon the boulder beetle!!
The boulder beetle is heavily wounded.
The boulder beetle leaps!
The boulder beetle curls into a ball and begins rolling!
There is an open door here.
The boulder beetle hits you!!
* * * LOW HITPOINT WARNING * * *
The boulder beetle stops rolling and uncurls.
You hit the boulder beetle but do no damage.
The boulder beetle is heavily wounded.
You block the boulder beetle's attack.
You hit the boulder beetle but do no damage.
The boulder beetle is heavily wounded.
You hit the boulder beetle but do no damage.
The boulder beetle is heavily wounded.
The boulder beetle bites you!
* * * LOW HITPOINT WARNING * * *
You puncture the boulder beetle!
The boulder beetle is heavily wounded.
The boulder beetle bites you!!
You die...

Skill      XL: |  1  2  3  4  5  6  7  8  9 10 11 |
---------------+----------------------------------+-----
Armour         | 4 5 6 8 9 10 | 10.5
Shields        | 4 5 6 8 9 10 | 10.5
Fighting       | 4 5 6 8 9 10 | 10.5
Maces & Flails | 3 4 5 7 8 9 |  9.4
Invocations    | 2 |  2.5

Action                   |  1- 3 |  4- 6 |  7- 9 | 10-12 || total
-------------------------+-------+-------+-------+-------++-------
Melee: Flail             |   156 |    73 |       |       ||   229
       Morningstar       |       |   215 |   469 |   598 ||  1282
Invok: Heroism           |       |       |       |     9 ||     9
  Use: Scroll            |       |     4 |     6 |     5 ||    15
       Potion            |       |       |     2 |     1 ||     3
Armor: Scale mail        |    69 |   120 |   188 |   233 ||   610
       Acid dragon scale |       |       |       |     6 ||     6
Dodge: Dodged            |    74 |   172 |   224 |   295 ||   765
       Repelled          |       |       |       |     4 ||     4
Block: Kite shield       |    96 |   188 |   354 |   531 ||  1169
       Reflection        |       |       |       |     2 ||     2

Levels and vault maps discovered:
D:1:      tarquinn_simple_flora_water_d, layout_basic,
          chequers_ecumenical_altar_simple, kennysheep_boxes
D:2:      layout_rooms, basic_altar
D:3:      layout_basic, nemelex_xobeh_ov_fountains_minmay,
          mainiacjoe_overflow_alcove_2, uniq_robin
D:4:      kennysheep_spiral_hall, layout_cave_pods,
          nicolae_overflow_crystal_walls
D:5:      layout_basic, uniq_blork_the_orc
D:6:      layout_basic, general_overflow_altar,
          mainiacjoe_overflow_concentric_impassable, okawaru_altar_gauntlet_db,
          minmay_temple_entry_offerings, serial_shops, shop,
          nicolae_stop_n_shop_2, uniq_prince_ribbit1, uniq_maggie
D:7:      layout_loops_ring, serial_shops, nicolae_shop_behind_doors,
          nicolae_ossuary_entry_monument
D:8:      minmay_chambers_of_sevens, layout_rooms, erik_lair_orcish_takeover,
          serial_aquarium, aquarium_bridge_square [aquarium_subvault_bridge,
          aquarium_subvault_wall, aquarium_subvault_window,
          aquarium_subvault_wall], aquarium_window_corner,
          aquarium_window_corridor_2, aquarium_view_2e, aquarium_view_2d,
          aquarium_pool_corner, lemuel_flamethrower_1
D:9:      layout_roguey, trog_ov_bears_minmay
D:10:     layout_roguey, orc_0_dummy, introduction_to_nature_2
D:11:     layout_loops_corners, enter_bailey_5, grunt_decor_one_mirror,
          uniq_nergalle
Temple:   regret_index_temple_generic_petals
Lair:1:   layout_regular_city, uniq_erica

Notes
Turn   | Place    | Note
-------+----------+-------------------------------------------
     0 | D:1      | infcreate the Gargoyle Fighter began the quest for the Orb.
     0 | D:1      | Reached XP level 1. HP: 14/14 MP: 1/1
   330 | D:1      | Reached XP level 2. HP: 19/19 MP: 2/2
   964 | D:1      | Reached XP level 3. HP: 22/23 MP: 3/3
  1079 | D:1      | Found a faded altar of an unknown god.
  1489 | D:2      | Found a sacrificial altar of Ru.
  2148 | D:2      | Reached XP level 4. HP: 29/29 MP: 4/4
  2203 | D:3      | Reached skill level 4 in Armour
  2203 | D:3      | Reached skill level 4 in Shields
  2310 | D:3      | Reached skill level 4 in Fighting
  2645 | D:3      | Reached XP level 5. HP: 29/33 MP: 5/5
  2687 | D:3      | Found a burning altar of Makhleb.
  2854 | D:3      | Noticed Robin
  2867 | D:3      | Found a sparkling altar of Nemelex Xobeh.
  2887 | D:3      | Reached skill level 3 in Maces & Flails
  3068 | D:2      | Killed Robin
  3636 | D:4      | Found an ornate altar of the Wu Jian Council.
  3838 | D:4      | Reached XP level 6. HP: 39/39 MP: 6/6
  4379 | D:5      | Entered Level 5 of the Dungeon
  5023 | D:5      | Reached skill level 5 in Shields
  5066 | D:5      | Noticed Blork the orc
  5101 | D:5      | Killed Blork the orc
  5102 | D:5      | Reached skill level 5 in Fighting
  5102 | D:5      | Reached skill level 5 in Armour
  5102 | D:5      | Reached XP level 7. HP: 30/44 MP: 7/7
  5261 | D:5      | Reached skill level 4 in Maces & Flails
  5409 | D:6      | Found a staircase to the Ecumenical Temple.
  5495 | Temple   | Entered the Ecumenical Temple
  5889 | D:6      | Noticed Prince Ribbit
  5916 | D:6      | Killed Prince Ribbit
  5917 | D:6      | Reached XP level 8. HP: 21/51 MP: 8/8
  6138 | D:6      | Reached skill level 6 in Fighting
  6138 | D:6      | Reached skill level 6 in Shields
  6214 | D:6      | Reached skill level 5 in Maces & Flails
  6214 | D:6      | Reached skill level 6 in Armour
  6270 | D:6      | Found Ydaif's Assorted Antiques.
  6272 | D:6      | Found Yhec's General Store.
  6286 | D:6      | Bought a scroll of enchant weapon for 105 gold pieces
  6369 | D:6      | Noticed Maggie
  6412 | D:6      | Killed Maggie
  6496 | D:6      | Found an iron altar of Okawaru.
  6523 | D:6      | Became a worshipper of Warmaster Okawaru
  6560 | D:6      | Found a radiant altar of Vehumet.
  6701 | D:6      | Found a basalt altar of Yredelemnul.
  6807 | D:7      | Found a sand-covered staircase.
  6895 | Ossuary  | Entered an ossuary
  6917 | Ossuary  | Reached XP level 9. HP: 56/56 MP: 9/9
  6990 | Ossuary  | Reached skill level 7 in Shields
  7060 | Ossuary  | Reached skill level 7 in Fighting
  7060 | Ossuary  | Reached skill level 7 in Armour
  7090 | Ossuary  | Reached skill level 6 in Maces & Flails
  7480 | D:7      | Found Juhok's Distillery.
  7591 | D:7      | Reached * piety under Okawaru
  8488 | D:8      | Reached skill level 8 in Fighting
  8488 | D:8      | Reached skill level 8 in Armour
  8488 | D:8      | Reached skill level 8 in Shields
  8523 | D:8      | Reached skill level 7 in Maces & Flails
  8547 | D:8      | Found a staircase to the Lair.
  8684 | D:8      | Reached ** piety under Okawaru
  8685 | D:8      | Reached XP level 10. HP: 64/64 MP: 10/10
  9282 | D:8      | Noticed a boulder beetle
  9282 | D:8      | Noticed a deep elf pyromancer
  9282 | D:8      | Noticed a gargoyle
  9515 | D:8      | Killed a gargoyle
  9557 | D:7      | Killed a deep elf pyromancer
  9557 | D:7      | Reached *** piety under Okawaru
  9558 | D:7      | Reached skill level 9 in Fighting
  9558 | D:7      | Reached skill level 9 in Armour
  9558 | D:7      | Reached skill level 9 in Shields
  9596 | D:8      | Noticed a tengu warrior
  9623 | D:8      | Killed a tengu warrior
  9624 | D:8      | Reached skill level 8 in Maces & Flails
  9624 | D:8      | Noticed a centaur warrior
  9885 | D:8      | Killed a centaur warrior
 10220 | D:8      | Received a gift from Okawaru
 10221 | D:8      | Reached XP level 11. HP: 64/71 MP: 11/11
 10806 | D:6      | Bought a scroll of enchant armour for 105 gold pieces
 10879 | D:8      | Killed a boulder beetle
 11150 | D:9      | Reached **** piety under Okawaru
 11190 | D:9      | Reached skill level 10 in Shields
 11339 | D:9      | Found a bloodstained altar of Trog.
 11407 | D:9      | Reached skill level 10 in Fighting
 11407 | D:9      | Reached skill level 10 in Armour
 11686 | D:9      | Reached skill level 9 in Maces & Flails
 11975 | D:10     | Entered Level 10 of the Dungeon
 12009 | D:10     | Reached ***** piety under Okawaru
 12254 | D:10     | Noticed a two-headed ogre
 12268 | D:10     | Killed a two-headed ogre
 12269 | D:10     | Reached skill level 1 in Invocations
 12596 | D:10     | Found a staircase to the Orcish Mines.
 12682 | D:10     | Got the Incunabulum of Nature
 12952 | D:10     | Noticed a two-headed ogre
 12969 | D:10     | Killed a two-headed ogre
 12970 | D:10     | Reached skill level 2 in Invocations
 13254 | D:11     | Noticed a green ugly thing
 13375 | D:6      | Bought a scroll of magic mapping for 77 gold pieces
 13447 | Lair:1   | Entered Level 1 of the Lair of Beasts
 13601 | D:11     | Noticed a boulder beetle
 13621 | D:11     | Mangled by a boulder beetle

Vanquished Creatures
  A centaur warrior (D:8)
  A boulder beetle (D:8)
  2 two-headed ogres (D:10)
  A tengu warrior (D:8)
  A deep elf pyromancer (D:7)
  A gargoyle (D:8)
  Maggie (D:6)
  A freezing wraith (D:11)
  2 trolls (D:9)
  Prince Ribbit (D:6)
  A meliai zombie (D:10)
  A wyvern (D:11)
  2 wraiths
  A vampire (D:7)
  2 steam dragons
  A vampire mosquito (D:8)
  2 wargs (D:8)
  7 water moccasins
  A sky beast (D:8)
  7 orc warriors
  An ice beast (D:7)
  4 black bears
  A necrophage (D:7)
  2 centaurs
  2 elf zombies (Ossuary)
  Blork the orc (D:5)
  A kobold brigand (D:9)
  2 bullfrogs (D:6)
  A scorpion (D:5)
  2 wyvern skeletons
  12 killer bees
  13 wights
  8 howler monkeys
  2 centaur zombies
  A human zombie (Ossuary)
  A hound (D:6)
  A bullfrog skeleton (D:6)
  2 centaur skeletons (D:6)
  A jelly (D:8)
  7 orc priests
  6 orc wizards
  2 iguanas
  2 killer bee zombies
  3 mummies (Ossuary)
  A hound zombie (Ossuary)
  A howler monkey zombie (D:7)
  Robin (D:2)
  6 gnolls
  12 adders
  A shadow imp (D:7)
  2 white imps
  An ufetubus (D:6)
  3 adder zombies (Ossuary)
  An adder skeleton (D:4)
  6 dart slugs
  36 orcs
  17 ball pythons
  3 endoplasms
  2 giant cockroaches
  3 gnoll zombies (Ossuary)
  22 goblins
  6 hobgoblins
  5 jackals
  19 kobolds
  3 quokkas (D:1)
  5 bats
  2 frilled lizards (D:2)
  5 goblin zombies (Ossuary)
  7 hobgoblin zombies (Ossuary)
  5 jackal zombies (Ossuary)
  3 kobold zombies (Ossuary)
  An orc zombie (Ossuary)
  3 quokka zombies (Ossuary)
  5 rats
302 creatures vanquished.

Vanquished Creatures (others)
  A goblin (D:3)
  8 plants (D:10)
9 creatures vanquished.

Grand Total: 311 creatures vanquished

Table legend: (Time is in decaauts)
 A = Elapsed time spent in this place.
 B = Non-inter-level travel time spent in this place.
 C = Inter-level travel time spent in this place.
 D = Time resting spent in this place.
 E = Time spent auto-exploring this place.
 F = Levels seen in this place.
 G = Mean time per level.
                   A        B        C        D        E       F      G
               +--------+--------+--------+--------+--------+-----+--------+
         Total |  14172 |  13378 |    794 |   1681 |   7881 |  14 | 1012.3 |
       Dungeon |  13492 |  12735 |    757 |   1681 |   7506 |  11 | 1226.5 |
        Temple |    227 |    190 |     37 |      0 |    180 |   1 |  227.0 |
          Lair |      1 |      1 |      0 |      0 |      0 |   1 |    1.0 |
       Ossuary |    451 |    451 |      0 |      0 |    195 |   1 |  451.0 |
               +--------+--------+--------+--------+--------+-----+--------+

Top non-repeatable levels by time:
     D:8: 2532 daAuts
     D:1: 1483 daAuts
    D:10: 1411 daAuts
     D:7: 1383 daAuts
     D:4: 1244 daAuts
     D:9: 1194 daAuts
     D:6: 1132 daAuts
     D:2: 1105 daAuts
     D:5: 1023 daAuts
     D:3: 877 daAuts
 Ossuary: 451 daAuts
  Temple: 227 daAuts
    D:11: 104 daAuts
  Lair:1: 1 daAuts

Table legend:
 A = Non-vault XP
 B = Vault XP
 C = Vault XP percentage of total XP
 D = Non-vault monster count
 E = Vault monster count
 F = Vault count percentage of total count
                 A         B        C        D         E       F
            +---------+---------+-------+---------+---------+-------
      Total |    9318 |    7320 |  44.0 |     202 |     100 |  33.1
            +---------+---------+-------+---------+---------+-------
        D:1 |      41 |       0 |   0.0 |      22 |       0 |   0.0
        D:2 |      62 |      32 |  34.0 |      21 |      10 |  32.3
        D:3 |      81 |       4 |   4.7 |      20 |       2 |   9.1
        D:4 |      34 |      91 |  72.8 |      16 |       4 |  20.0
        D:5 |     314 |      99 |  24.0 |      15 |       1 |   6.2
        D:6 |     737 |     648 |  46.8 |      15 |       8 |  34.8
        D:7 |    1100 |     942 |  46.1 |      24 |       4 |  14.3
        D:8 |    1301 |    4654 |  78.2 |      14 |      19 |  57.6
        D:9 |    2154 |     261 |  10.8 |      30 |       2 |   6.2
       D:10 |    2915 |     211 |   6.7 |      23 |      13 |  36.1
       D:11 |     579 |       0 |   0.0 |       2 |       0 |   0.0
    Ossuary |       0 |     378 | 100.0 |       0 |      37 | 100.0
            +---------+---------+-------+---------+---------+-------
